 Dungeon Crawl Stone Soup version 0.28-a0-239-g68911e0c57 (webtiles) character file.

Game seed: 5933129451358373025

44753 Colgate the Severer (level 13, 0/103 HPs)
             Began as a Vampire Berserker on Aug 23, 2021.
             Was a High Priest of Trog.
             Shot with an arrow by a centaur (3 damage)
             ... on level 5 of the Lair of Beasts.
             The game lasted 00:31:11 (13117 turns).

Colgate the Severer (Vampire Berserker)            Turns: 13117, Time: 00:31:11

Health: 0/103      AC: 24    Str: 20    XL:     13   Next: 97%
Magic:  0/13       EV: 17    Int: 10    God:    Trog [*****.]
Gold:   641        SH: 13    Dex: 14    Spells: 12/12 levels left

rFire   + . .      SeeInvis +   a - +5 broad axe (elec)
rCold   + . .      Faith    .   f - +0 buckler
rNeg    . . .      Spirit   +   o - +1 plate armour
rPois   .          Reflect  .   c - +2 helmet
rElec   .          Harm     .   p - scarf {rC+ rF+}
rCorr   .          Rampage  .   m - +2 pair of gloves {archery}
Will    +....                   l - +1 pair of boots {Stlth+}
Stlth   ..........              s - brooch of Shielding {Spirit SH+8}
HPRegen 0.47/turn               w - +4 ring of evasion
MPRegen 0.13/turn               k - +4 ring of evasion

@: healing quickly
A: alive, fangs 3, see invisible, vampiric 2, deterioration 1, mutation
resistance 1, noise suppression
a: Exsanguinate, Renounce Religion, Berserk, Trog's Hand, Brothers in Arms


You were on level 5 of the Lair of Beasts.
You worshipped Trog.
Trog was extremely pleased with you.
You visited 2 branches of the dungeon, and saw 13 of its levels.

You collected 641 gold pieces.


Innate Abilities, Weirdness & Mutations

Your natural rate of healing is accelerated.
You have razor-sharp teeth.
You have supernaturally acute eyesight. (SInv)
You are afflicted with vampirism and can become a bat while bloodless.
Your body sometimes deteriorates upon taking damage.
You are somewhat resistant to further mutation.
You passively dampen the noise of your surroundings.


   Skills:
 - Level 10.0 Fighting
 + Level 15.9 Axes
 - Level 9.0 Armour
 - Level 7.1 Dodging
 - Level 4.7 Shields


You had 12 spell levels left.
You didn't know any spells.
Your spell library was empty.

Inventory:

Hand Weapons
 a - a +5 broad axe of electrocution (weapon)
 i - a +0 flail
Missiles
 e - 7 silver javelins
Armour
 c - a +2 helmet (worn)
 f - a +0 buckler (worn)
 l - a +1 pair of boots of stealth (worn)
 m - a +2 pair of gloves of archery (worn)
 o - a +1 plate armour (worn)
 p - a scarf of resistance (worn)
Jewellery
 k - a +4 ring of evasion (right hand)
 s - the brooch of Shielding (around neck) {Spirit SH+8}
   (You found it on level 2 of the Lair of Beasts)

   [amulet of guardian spirit]

   It causes incoming damage to be divided between your reserves of health and
   magic.
   SH:        It affects your SH (+8).
 w - a +4 ring of evasion (left hand)
Wands
 x - a wand of digging (13)
Scrolls
 b - 2 scrolls of teleportation
 h - a scroll of identify
Potions
 j - a potion of might {unknown}
 n - 5 potions of curing
 q - a potion of berserk rage {unknown}
 r - a potion of mutation
 u - a potion of resistance
 A - a potion of haste

Dungeon Overview and Level Annotations

Branches:
Dungeon (8/15)             Temple (0/1) D:5            Lair (5/6) D:8
  Swamp (0/4) Lair:4       Spider (0/4) Lair:3
  Slime: Lair:5-6

Altars:
Ashenzari
Fedhas
Nemelex Xobeh
Qazlal
Sif Muna
Trog
Vehumet
Wu Jian

Shops:
D:8 =

Annotations:
Lair:5 1 transporter, Mioxy's ghost, journeyman MiBe


Message History

You block the arrow.
The centaur shoots an arrow.
The arrow completely misses you.
The centaur shoots an arrow.
The arrow hits you but does no damage.
The centaur shoots an arrow.
You block the arrow.
The centaur shoots an arrow.
The arrow hits you.
The centaur shoots an arrow.
The arrow closely misses you.
The centaur shoots an arrow.
You block the arrow.
The centaur shoots an arrow.
The arrow closely misses you.
The centaur shoots an arrow.
The arrow barely misses you.
The centaur shoots an arrow.
The arrow misses you.
The centaur shoots an arrow.
You block the arrow.
The centaur shoots an arrow.
The arrow misses you.
The centaur shoots an arrow.
You block the arrow.
The centaur shoots an arrow.
The arrow barely misses you.
The centaur shoots an arrow.
You block the arrow.
The centaur shoots an arrow.
You block the arrow.
The centaur shoots an arrow.
You block the arrow.
The centaur shoots an arrow.
You block the arrow.
The centaur shoots an arrow.
You block the arrow.
The centaur shoots an arrow.
You block the arrow.
The centaur shoots an arrow.
The arrow barely misses you.
The centaur shoots an arrow.
The arrow closely misses you.
The centaur shoots an arrow.
You block the arrow.
The centaur shoots an arrow.
You block the arrow.
The centaur shoots an arrow.
The arrow misses you.
The centaur shoots an arrow.
The arrow hits you but does no damage.
The centaur shoots an arrow.
You block the arrow.
The centaur shoots an arrow.
The arrow completely misses you.
The centaur shoots an arrow.
The arrow hits you but does no damage.
The centaur shoots an arrow.
The arrow hits you but does no damage.
The centaur shoots an arrow.
You block the arrow.
The centaur shoots an arrow.
The arrow hits you.
The centaur shoots an arrow.
The arrow hits you!
The centaur shoots an arrow.
The arrow hits you but does no damage.
The centaur shoots an arrow.
You block the arrow.
The centaur shoots an arrow.
The arrow completely misses you.
The centaur shoots an arrow.
The arrow hits you but does no damage.
The centaur shoots an arrow.
You block the arrow.
The centaur shoots an arrow.
You block the arrow.
The centaur shoots an arrow.
You block the arrow.
The centaur shoots an arrow.
The arrow completely misses you.
The centaur shoots an arrow.
The arrow hits you.
You die...

##.......#...PP..........#
##......P.####.#......#.#
##.......## #####....###
##....#..# ##..## .. ###
##......## #P.#
..###.####.....P..## ####
...#..#.#.#....#...###
.......<.............#
...........####.@....#
...........# #~~~~~~#
...........# #~)~~~~#
..#......### #~~~~~~~~#
....###.## #~~~~~~~~~#
#..## #..# #~c~c~~~#~~#
...# ..P# #~~#.c_..##~#
#..####..###~##.....# ##
.....##...### #######


You could see 3 centaurs.

Vanquished Creatures
  A dire elephant (Lair:2)
  A boulder beetle (Lair:3)
  3 hydras
  6 death yaks (Lair:5)
  27 elephants
  6 black mambas
  A torpor snail (Lair:2)
  9 cane toads
  2 rime drakes (Lair:3)
  6 komodo dragons
  A queen bee (Lair:3)
  16 blink frogs
  2 dream sheep (D:8)
  A spriggan (Lair:2)
  30 yaks
  5 wyverns
  13 basilisks
  4 steam dragons
  8 water moccasins
  3 wargs (D:8)
  2 acid dragons
  An orc warrior (D:7)
  3 sky beasts
  3 black bears
  An ice beast (D:7)
  2 ogres
  3 necrophages
  3 centaurs
  17 wolves
  A phantom (D:7)
  4 kobold brigands (D:8)
  13 bullfrogs
  A wyvern zombie (D:5)
  5 scorpions
  38 killer bees
  3 orc priests
  A jelly (D:7)
  2 centaur skeletons
  A hound (D:6)
  Natasha (thrice) (D:4)
  2 iguanas
  7 orc wizards
  A hound skeleton (D:4)
  3 adders
  A shadow imp (D:6)
  A white imp (D:6)
  2 ufetubi
  4 worms
  5 dart slugs
  22 orcs
  6 endoplasms
  2 giant cockroaches
  16 goblins
  8 hobgoblins
  11 jackals
  5 quokkas
  7 ball pythons
  6 bats
  3 frilled lizards
  9 kobolds
  4 rats
377 creatures vanquished.

Vanquished Creatures (collateral kills)
  5 hydras
  A cane toad (Lair:1)
  2 komodo dragons
  A blink frog (Lair:3)
9 creatures vanquished.

Vanquished Creatures (others)
  A shadow imp (D:6)
  103 fungi
  82 plants
186 creatures vanquished.

Grand Total: 572 creatures vanquished

Notes
Turn   | Place    | Note
-------+----------+-------------------------------------------
     0 | D:1      | Colgate the Vampire Berserker began the quest for the Orb.
     0 | D:1      | Reached XP level 1. HP: 17/17 MP: 1/1
     0 | D:1      | 0 ||| counter = 46
    17 | D:1      | HP: 4/17 [hobgoblin (4)]
    18 | D:1      | 18 ||| INVOKING Berserk.
    97 | D:1      | Reached skill level 3 in Axes
   230 | D:1      | Reached XP level 2. HP: 23/23 MP: 2/2
   305 | D:1      | 305 ||| INVOKING Berserk.
   360 | D:1      | 360 ||| DROPPING +0 club.
   474 | D:1      | Reached ** piety under Trog
   475 | D:1      | Gained mutation: You are afflicted with vampirism and can
                  | become a bat while bloodless. [Vampire growth]
   475 | D:1      | Reached XP level 3. HP: 28/28 MP: 3/3
   697 | D:1      | Reached skill level 4 in Axes
  1060 | D:1      | 1060 ||| UPGRADING to +2 helmet.
  1065 | D:1      | 1065 ||| UPGRADING to +0 ring mail.
  1075 | D:1      | 1075 ||| DROPPING +0 animal skin.
  1076 | D:1      | 1076 ||| UPGRADING to +6 ring of strength.
  1077 | D:1      | 1077 ||| READING scroll labelled TARGHA MOXIP.
  1080 | D:1      | 1080 ||| READING scroll labelled IRIURGHOQEAG.
  1081 | D:1      | 1081 ||| READING scroll labelled OHEJYNAE HEXONAI.
  1588 | D:2      | 1588 ||| INVOKING Berserk.
  1640 | D:2      | 1640 ||| INVOKING Berserk.
  1642 | D:2      | Reached XP level 4. HP: 34/34 MP: 4/4
  1686 | D:2      | Found a faded altar of an unknown god.
  1935 | D:2      | 1935 ||| UPGRADING to +0 buckler.
  2151 | D:3      | 2151 ||| INVOKING Berserk.
  2154 | D:3      | Reached skill level 1 in Shields
  2307 | D:3      | 2307 ||| SWAPPING to +0 hand axe of venom.
  2308 | D:3      | 2308 ||| DROPPING +1 hand axe.
  2459 | D:3      | Reached *** piety under Trog
  2462 | D:3      | Reached XP level 5. HP: 37/39 MP: 5/5
  2465 | D:3      | 2465 ||| INVOKING Berserk.
  2532 | D:3      | Reached skill level 5 in Axes
  2633 | D:3      | Found a shimmering blue altar of Sif Muna.
  2674 | D:3      | Found a blossoming altar of Fedhas.
  2750 | D:3      | 2750 ||| UPGRADING to +0 scale mail.
  2760 | D:3      | 2760 ||| DROPPING +0 ring mail.
  2761 | D:3      | 2761 ||| UPGRADING to +0 plate armour.
  2771 | D:3      | 2771 ||| DROPPING +0 scale mail.
  2772 | D:3      | 2772 ||| UPGRADING to scarf of resistance.
  2777 | D:3      | 2777 ||| UPGRADING to +4 ring of evasion.
  2778 | D:3      | 2778 ||| READING 3 scrolls labelled MIYWOGUONIAG.
  2779 | D:3      | 2779 ||| READING scroll labelled XITTIR PAJURY.
  2798 | D:3      | 2798 ||| DROPPING 2 scrolls of fog.
  2864 | D:4      | 2864 ||| DROPPING +0 whip.
  2918 | D:4      | Noticed an ogre
  2921 | D:4      | 2921 ||| INVOKING Berserk.
  2925 | D:4      | Killed an ogre
  2926 | D:4      | Reached XP level 6. HP: 46/46 MP: 6/6
  3403 | D:4      | Noticed Natasha
  3410 | D:4      | Killed Natasha
  3411 | D:4      | Reached skill level 6 in Axes
  3517 | D:4      | Noticed Natasha
  3526 | D:4      | Killed Natasha
  3527 | D:4      | Reached skill level 3 in Fighting
  3536 | D:4      | Noticed Natasha
  3559 | D:4      | Killed Natasha
  3614 | D:4      | 3614 ||| UPGRADING to +2 pair of gloves of archery.
  3619 | D:4      | 3619 ||| DROPPING ring of protection from cold.
  3620 | D:4      | 3620 ||| READING 2 scrolls labelled KESTRA VAUDGHAF.
  3621 | D:4      | 3621 ||| READING scroll of enchant armour.
  3621 | D:4      | 3621 ||| ENCHANTING +0 plate armour.
  3622 | D:4      | 3622 ||| READING scroll labelled REWKUSS SUMI.
  3623 | D:4      | 3623 ||| READING scroll labelled UTZAAL ZEGOA.
  3624 | D:4      | 3624 ||| DRINKING 3 fizzy grey potions.
  3660 | D:5      | Entered Level 5 of the Dungeon
  3739 | D:5      | Found a sparkling altar of Nemelex Xobeh.
  3837 | D:5      | Reached XP level 7. HP: 45/52 MP: 7/7
  4002 | D:5      | Reached skill level 3 in Shields
  4060 | D:5      | Found a bloodstained altar of Trog.
  4079 | D:5      | Found a staircase to the Ecumenical Temple.
  4084 | D:5      | 4084 ||| INVOKING Berserk.
  4091 | D:5      | 4091 ||| DRINKING 3 potions of curing.
  4091 | D:5      | 4091 ||| (to cure confusion)
  4192 | D:5      | 4192 ||| SWAPPING to +0 war axe.
  4216 | D:5      | 4216 ||| DROPPING +0 hand axe of venom.
  4255 | D:5      | Reached skill level 7 in Axes
  4628 | D:5      | 4628 ||| READING scroll labelled RAACEN JIOTERY.
  4758 | D:6      | Found a stormy altar of Qazlal.
  4861 | D:6      | Reached XP level 8. HP: 58/58 MP: 8/8
  4863 | D:6      | Reached skill level 8 in Axes
  4899 | D:6      | Reached **** piety under Trog
  5095 | D:6      | Reached skill level 3 in Armour
  5293 | D:6      | 5293 ||| UPGRADING to +4 ring of evasion.
  5295 | D:6      | 5295 ||| DROPPING +6 ring of strength.
  5296 | D:6      | 5296 ||| READING scroll labelled GOAVOT BEAGU.
  5297 | D:6      | 5297 ||| READING 3 scrolls labelled FUCYXI PILE.
  5298 | D:6      | 5298 ||| DRINKING 2 murky black potions.
  5299 | D:6      | 5299 ||| DROPPING 2 scrolls of vulnerability.
  5300 | D:6      | 5300 ||| DROPPING wand of charming (6).
  5354 | D:7      | Found a broken altar of Ashenzari.
  5412 | D:7      | Reached XP level 9. HP: 50/65 MP: 9/9
  5430 | D:7      | 5430 ||| STAIRDANCE
  5456 | D:7      | Reached skill level 9 in Axes
  5506 | D:7      | 5506 ||| INVOKING Berserk.
  5734 | D:7      | 5734 ||| INVOKING Berserk.
  5807 | D:7      | 5807 ||| INVOKING Berserk.
  5818 | D:7      | Reached skill level 3 in Dodging
  6108 | D:7      | 6108 ||| DRINKING 2 fuming ruby potions.
  6109 | D:7      | 6109 ||| DROPPING potion of flight.
  6204 | D:8      | 6204 ||| INVOKING Berserk.
  6308 | D:8      | Found Louclue's Jewellery Emporium.
  6312 | D:8      | 6312 ||| SHOPLISTING amulet of guardian spirit (390 gold,
                  | have 320).
  6312 | D:8      | 6312 ||| SHOPLISTING amulet of regeneration (390 gold, have
                  | 320).
  6312 | D:8      | 6312 ||| SHOPLISTING ring of protection from fire (325
                  | gold, have 320).
  6350 | D:8      | Reached skill level 10 in Axes
  6401 | D:8      | Noticed a three-headed hydra
  6402 | D:8      | 6402 ||| INVOKING Brothers in Arms.
  6403 | D:8      | 6403 ||| SWAPPING to +0 flail.
  6404 | D:8      | 6404 ||| INVOKING Berserk.
  6407 | D:8      | Killed a three-headed hydra
  6408 | D:8      | Reached skill level 6 in Fighting
  6408 | D:8      | Reached XP level 10. HP: 77/77 MP: 10/10
  6415 | D:8      | 6415 ||| SWAPPING to +0 war axe of draining.
  6641 | D:8      | Found a staircase to the Lair.
  6710 | D:8      | Found a radiant altar of Vehumet.
  6711 | D:8      | Found an ornate altar of the Wu Jian Council.
  7154 | D:8      | 7154 ||| READING scroll labelled YSORRO USME.
  7154 | D:8      | Identified a scroll of acquirement
  7154 | D:8      | 7154 ||| ACQUIRING +0 pair of boots of stealth
  7154 | D:8      | Acquired a +0 pair of boots of stealth
  7156 | D:8      | 7156 ||| UPGRADING to +0 pair of boots of stealth.
  7161 | D:8      | 7161 ||| DRINKING 3 bubbling cyan potions.
  7162 | D:8      | 7162 ||| DRINKING 2 amethyst potions.
  7163 | D:8      | 7163 ||| DRINKING 2 viscous blue potions.
  7164 | D:8      | 7164 ||| DROPPING 2 potions of magic.
  7165 | D:8      | 7165 ||| DROPPING potion of attraction.
  7202 | Lair:1   | Entered Level 1 of the Lair of Beasts
  7203 | Lair:1   | 7203 ||| Entered L.
  7296 | Lair:1   | Reached skill level 11 in Axes
  7358 | Lair:1   | 7358 ||| INVOKING Berserk.
  7425 | Lair:1   | Noticed a cane toad
  7428 | Lair:1   | Noticed a cane toad
  7435 | Lair:1   | Killed a cane toad
  7443 | Lair:1   | Killed a cane toad
  7573 | Lair:1   | Noticed a cane toad
  7580 | Lair:1   | Killed a cane toad
  7581 | Lair:1   | Reached skill level 6 in Armour
  7637 | Lair:1   | 7637 ||| INVOKING Berserk.
  7667 | Lair:1   | Reached XP level 11. HP: 83/84 MP: 11/11
  7707 | Lair:1   | 7707 ||| INVOKING Berserk.
  7920 | Lair:1   | Noticed an oklob plant
  8004 | Lair:1   | Reached ***** piety under Trog
  8030 | Lair:1   | Noticed a seven-headed hydra
  8031 | Lair:1   | 8031 ||| INVOKING Brothers in Arms.
  8032 | Lair:1   | 8032 ||| INVOKING Brothers in Arms.
  8035 | Lair:1   | 8035 ||| SWAPPING to +0 flail.
  8037 | Lair:1   | 8037 ||| INVOKING Brothers in Arms.
  8038 | Lair:1   | 8038 ||| INVOKING Berserk.
  8041 | Lair:1   | Killed a seven-headed hydra
  8049 | Lair:1   | 8049 ||| SWAPPING to +0 war axe of draining.
  8324 | Lair:2   | 8324 ||| INVOKING Berserk.
  8338 | Lair:2   | Reached skill level 12 in Axes
  8438 | Lair:2   | 8438 ||| INVOKING Berserk.
  8601 | Lair:2   | 8601 ||| INVOKING Berserk.
  8620 | Lair:2   | 8620 ||| INVOKING Brothers in Arms.
  8818 | Lair:2   | Reached skill level 13 in Axes
  8954 | Lair:2   | Found the brooch of Shielding {Spirit SH+8}
  9004 | Lair:2   | Reached XP level 12. HP: 93/93 MP: 12/12
  9114 | Lair:2   | Noticed a dire elephant
  9118 | Lair:2   | 9118 ||| INVOKING Berserk.
  9130 | Lair:2   | Killed a dire elephant
  9218 | Lair:2   | Reached skill level 9 in Fighting
  9335 | Lair:2   | 9335 ||| STAIRDANCE
  9357 | Lair:1   | 9357 ||| UPGRADING to brooch of Shielding {Spirit SH+8}.
  9362 | Lair:1   | 9362 ||| READING scroll labelled FUC OL PEAKKINU.
  9363 | Lair:1   | 9363 ||| READING 3 scrolls of identify.
  9363 | Lair:1   | 9363 ||| IDENTIFYING red potion
  9364 | Lair:1   | 9364 ||| READING 2 scrolls of identify.
  9364 | Lair:1   | 9364 ||| IDENTIFYING fuming puce potion
  9365 | Lair:1   | 9365 ||| DROPPING potion of brilliance.
  9366 | Lair:1   | 9366 ||| DROPPING potion of degeneration.
  9765 | Lair:3   | Noticed a six-headed hydra
  9766 | Lair:3   | 9766 ||| INVOKING Brothers in Arms.
  9767 | Lair:3   | 9767 ||| INVOKING Brothers in Arms.
  9768 | Lair:3   | 9768 ||| STAIRDANCE
  9776 | Lair:3   | 9776 ||| STAIRDANCE
  9778 | Lair:2   | 9778 ||| INVOKING Berserk.
  9812 | Lair:3   | 9812 ||| STAIRDANCE
  9814 | Lair:2   | 9814 ||| INVOKING Brothers in Arms.
  9815 | Lair:2   | 9815 ||| SWAPPING to +0 flail.
  9818 | Lair:2   | Killed a six-headed hydra
  9819 | Lair:2   | 9819 ||| SWAPPING to +0 war axe of draining.
  9848 | Lair:3   | 9848 ||| INVOKING Berserk.
  9852 | Lair:3   | Reached skill level 14 in Axes
  9858 | Lair:3   | 9858 ||| INVOKING Brothers in Arms.
  9920 | Lair:3   | Received a gift from Trog
  9928 | Lair:3   | Reached skill level 6 in Dodging
  9954 | Lair:3   | 9954 ||| INVOKING Berserk.
 10109 | Lair:3   | 10109 ||| SWAPPING to +4 vorpal broad axe.
 10110 | Lair:3   | 10110 ||| DROPPING +0 war axe of draining.
 10388 | Lair:3   | Found a hole to the Spider Nest.
 10395 | Lair:3   | Noticed a boulder beetle
 10401 | Lair:3   | 10401 ||| Stepping ~*~*~tactically~*~*~ (water).
 10414 | Lair:3   | Killed a boulder beetle
 10415 | Lair:3   | Reached XP level 13. HP: 101/101 MP: 13/13
 10534 | Lair:3   | 10534 ||| READING scroll of brand weapon.
 10534 | Lair:3   | 10534 ||| BRANDING +4 vorpal broad axe.
 10661 | Lair:3   | 10661 ||| INVOKING Brothers in Arms.
 10663 | Lair:3   | 10663 ||| INVOKING Brothers in Arms.
 10664 | Lair:3   | 10664 ||| SWAPPING to +0 flail.
 10665 | Lair:3   | 10665 ||| INVOKING Berserk.
 10682 | Lair:3   | 10682 ||| SWAPPING to +4 broad axe of electrocution.
 10860 | Lair:3   | 10860 ||| DROPPING amulet of the acrobat.
 10861 | Lair:3   | 10861 ||| DRINKING 2 murky amethyst potions.
 10869 | Lair:3   | 10869 ||| DRINKING 2 white potions.
 10869 | Lair:3   | Gained mutation: Your body sometimes deteriorates upon
                  | taking damage. [potion of mutation]
 10869 | Lair:3   | Gained mutation: You are somewhat resistant to further
                  | mutation. [potion of mutation]
 10869 | Lair:3   | Gained mutation: You passively dampen the noise of your
                  | surroundings. [potion of mutation]
 10870 | Lair:3   | 10870 ||| READING 2 scrolls of identify.
 10870 | Lair:3   | 10870 ||| IDENTIFYING fuming amethyst potion
 10871 | Lair:3   | 10871 ||| DROPPING potion of ambrosia.
 10872 | Lair:3   | 10872 ||| DROPPING potion of lignification.
 10962 | Lair:4   | Found a stormy altar of Qazlal.
 10967 | Lair:4   | 10967 ||| READING scroll of enchant weapon.
 10967 | Lair:4   | 10967 ||| ENCHANTING +4 broad axe of electrocution.
 11203 | Lair:4   | Reached skill level 15 in Axes
 11627 | Lair:4   | 11627 ||| INVOKING Brothers in Arms.
 11629 | Lair:4   | 11629 ||| SWAPPING to +0 flail.
 11630 | Lair:4   | 11630 ||| INVOKING Berserk.
 11636 | Lair:4   | 11636 ||| SWAPPING to +5 broad axe of electrocution.
 11749 | Lair:4   | 11749 ||| INVOKING Brothers in Arms.
 11751 | Lair:4   | 11751 ||| INVOKING Brothers in Arms.
 11752 | Lair:4   | 11752 ||| SWAPPING to +0 flail.
 11753 | Lair:4   | 11753 ||| INVOKING Berserk.
 11761 | Lair:4   | 11761 ||| SWAPPING to +5 broad axe of electrocution.
 11784 | Lair:4   | Found a staircase to the Swamp.
 11939 | Lair:4   | 11939 ||| INVOKING Brothers in Arms.
 11940 | Lair:4   | 11940 ||| INVOKING Brothers in Arms.
 11942 | Lair:4   | 11942 ||| SWAPPING to +0 flail.
 11943 | Lair:4   | 11943 ||| INVOKING Berserk.
 11953 | Lair:4   | 11953 ||| SWAPPING to +5 broad axe of electrocution.
 12053 | Lair:4   | 12053 ||| DROPPING +4 ring of protection.
 12108 | Lair:5   | 12108 ||| STAIRDANCE
 12147 | Lair:5   | Reached skill level 9 in Armour
 12329 | Lair:5   | 12329 ||| INVOKING Brothers in Arms.
 12331 | Lair:5   | 12331 ||| SWAPPING to +0 flail.
 12332 | Lair:5   | 12332 ||| INVOKING Berserk.
 12353 | Lair:5   | 12353 ||| SWAPPING to +5 broad axe of electrocution.
 12470 | Lair:5   | Noticed Mioxy's ghost (journeyman MiBe)
 12482 | Lair:5   | Found a transporter.
 12549 | Lair:5   | 12549 ||| READING scroll of enchant armour.
 12549 | Lair:5   | 12549 ||| ENCHANTING +0 pair of boots of stealth.
 12572 | Lair:5   | 12572 ||| INVOKING Berserk.
 12676 | Lair:5   | Found a blossoming altar of Fedhas.
 12705 | Lair:5   | 12705 ||| INVOKING Berserk.
 12712 | Lair:5   | 12712 ||| Stepping ~*~*~tactically~*~*~ (water).
 12805 | Lair:5   | HP: 23/103 [centaur/arrow (4)]
 12806 | Lair:5   | 12806 ||| DRINKING 6 potions of heal wounds.
 12859 | Lair:5   | HP: 23/103 [centaur/arrow (4)]
 12860 | Lair:5   | 12860 ||| DRINKING 5 potions of heal wounds.
 12904 | Lair:5   | HP: 22/103 [centaur/arrow (4)]
 12905 | Lair:5   | 12905 ||| DRINKING 4 potions of heal wounds.
 12944 | Lair:5   | HP: 24/103 [centaur/arrow (8)]
 12945 | Lair:5   | 12945 ||| DRINKING 3 potions of heal wounds.
 12990 | Lair:5   | HP: 25/103 [centaur/arrow (7)]
 12991 | Lair:5   | 12991 ||| DRINKING 2 potions of heal wounds.
 13008 | Lair:5   | HP: 22/103 [centaur/arrow (5)]
 13009 | Lair:5   | 13009 ||| DRINKING potion of heal wounds.
 13074 | Lair:5   | HP: 22/103 [centaur/arrow (7)]
 13081 | Lair:5   | HP: 25/103 [centaur/arrow (1)]
 13083 | Lair:5   | HP: 11/103 [centaur/arrow (3)]
 13098 | Lair:5   | HP: 11/103 [centaur/arrow (7)]
 13114 | Lair:5   | HP: 8/103 [centaur/arrow (4)]
 13114 | Lair:5   | HP: 1/103 [centaur/arrow (7)]
 13117 | Lair:5   | Shot with an arrow by a centaur

Levels and vault maps discovered:
D:1:      dpeg_arrival_shrine, layout_basic, supply_closet_lemuel,
          minmay_hexomino_f4
D:2:      layout_basic, hellmonk_ecumenical_altar_zigzags
D:3:      layout_basic, mainiacjoe_overflow_alcove_1, led_sif_book,
          hangedman_decor_points
D:4:      layout_rooms, serial_aquarium, aquarium_bridge_straight
          [aquarium_subvault_bridge, aquarium_subvault_wall,
          aquarium_subvault_bridge, aquarium_subvault_wall],
          aquarium_bridge_square [aquarium_subvault_bridge,
          aquarium_subvault_wall, aquarium_subvault_bridge,
          aquarium_subvault_wall], aquarium_window_2, aquarium_window_fake,
          aquarium_view_2b, aquarium_view_2d, aquarium_pool_double,
          minmay_misc_feat_rows, uniq_natasha
D:5:      layout_basic, trog_book, mainiacjoe_overflow_concentric_impassable,
          minmay_temple_entry_crystal_x
D:6:      minmay_spotlight, layout_rooms, lemuel_tele_altar
D:7:      layout_loops_ring, ashenzari_altar_1
D:8:      layout_loops_corners, gammafunk_temple_overflow_statue,
          erik_lair_orcish_takeover, serial_shops, shop, hangedman_ranch
Lair:1:   layout_cave_pods, minivault_27, grunt_megastairs_1,
          minmay_lair_oklob_chamber
Lair:2:   mu_elephants_graveyard, layout_chaotic_city,
          chequers_serial_rivers_marsh, beast_lair_carwin_8
Lair:3:   hangedman_what_comes_after_a, layout_concentric_octagons,
          spider_nest_entry_a
Lair:4:   layout_cave_pods, palyth_hydra_swamp_entry, basic_altar,
          kennysheep_basilisk_garden
Lair:5:   layout_gridlike, gammafunk_ghost_arena, lemuel_centaur_altar

Skill      XL: |  1  2  3  4  5  6  7  8  9 10 11 12 13 |
---------------+----------------------------------------+-----
Axes           | 3 4 5 6 7 8 10 11 13 14 15 | 15.9
Shields        | 2 3 4 |  4.7
Armour         | 2 3 4 6 7 8 9 |  9.0
Fighting       | 3 4 6 7 8 9 10 | 10.0
Dodging        | 3 4 5 6 7 |  7.1

Action                   |  1- 3 |  4- 6 |  7- 9 | 10-12 | 13-15 || total
-------------------------+-------+-------+-------+-------+-------++-------
Melee: Hand axe          |   128 |   143 |    31 |       |       ||   302
       Bite              |    17 |    21 |    35 |    79 |    34 ||   186
       War axe           |       |       |   216 |   498 |       ||   714
       Flail             |       |       |     3 |    13 |    41 ||    57
       Broad axe         |       |       |       |    49 |   202 ||   251
Invok: Berserk           |     4 |     3 |     6 |    11 |     7 ||    31
       Brothers in Arms  |       |       |     1 |     5 |     6 ||    12
  Use: Scroll            |     3 |     6 |     3 |     4 |     4 ||    20
       Potion            |       |     1 |     3 |     3 |     8 ||    15
 Stab: Distracted        |       |       |       |     1 |       ||     1
Armor: Animal skin       |    17 |       |       |       |       ||    17
       Ring mail         |     8 |    15 |       |       |       ||    23
       Plate armour      |       |    30 |   141 |   374 |   279 ||   824
Dodge: Dodged            |    75 |    56 |   179 |   440 |   475 ||  1225
Block: Buckler           |       |    16 |    66 |   241 |   649 ||   972

Table legend:
 A = Non-vault XP
 B = Vault XP
 C = Vault XP percentage of total XP
 D = Non-vault monster count
 E = Vault monster count
 F = Vault count percentage of total count
                 A         B        C        D         E       F
            +---------+---------+-------+---------+---------+-------
      Total |   41151 |   22783 |  35.6 |     274 |     112 |  29.0
            +---------+---------+-------+---------+---------+-------
        D:1 |      56 |       6 |   9.7 |      32 |       4 |  11.1
        D:2 |      41 |       0 |   0.0 |      19 |       0 |   0.0
        D:3 |     171 |       0 |   0.0 |      26 |       0 |   0.0
        D:4 |     409 |      36 |   8.1 |      20 |       1 |   4.8
        D:5 |     606 |       0 |   0.0 |      15 |       0 |   0.0
        D:6 |     477 |     602 |  55.8 |      11 |       5 |  31.2
        D:7 |    1633 |       0 |   0.0 |      24 |       0 |   0.0
        D:8 |     959 |    1934 |  66.9 |      10 |      13 |  56.5
     Lair:1 |    5655 |      88 |   1.5 |      22 |       1 |   4.3
     Lair:2 |    6895 |    9894 |  58.9 |      31 |      24 |  43.6
     Lair:3 |    3730 |    7280 |  66.1 |      11 |      54 |  83.1
     Lair:4 |    6866 |    2833 |  29.2 |      22 |       9 |  29.0
     Lair:5 |   13653 |     110 |   0.8 |      31 |       1 |   3.1
            +---------+---------+-------+---------+---------+-------
